 Dungeon Sprint DCSS version 0.21.1-1-g345015f (webtiles) character file.

1519 wilfster70 the Unseen (level 8, -8/40 HPs)
             Began as a Vine Stalker Enchanter on May 11, 2018.
             Was an Initiate of Vehumet.
             Mangled by a centaur warrior (10 damage)
             ... in the Dungeon (Sprint I: "Red Sonja") on May 16, 2018.
             The game lasted 00:05:10 (369 turns).

wilfster70 the Unseen (Vine Stalker Enchanter)       Turns: 369, Time: 00:05:10

Health: -8/40      AC:  4    Str: 11    XL:     8   Next: 84%
Magic:  0/21       EV: 12    Int: 17    God:    Vehumet [......]
Gold:   53         SH:  0    Dex: 15    Spells: 17/23 levels left

rFire    . . .     SeeInvis .   a - +1 dagger
rCold    . . .     Gourm    .   (no shield)
rNeg     + . .     Faith    .   b - +0 robe
rPois    .         Spirit   +   (no helmet)
rElec    .         Reflect  .   (no cloak)
rCorr    .         Harm     .   l - +1 pair of gloves of Leaves {rN+ Slay+3}
MR       +....     NoTele   +   (no boots)
Stlth    ++++++....             (no amulet)
HPRegen  0.53/turn              (no ring)
MPRegen  0.17/turn              (no ring)

@: no status effects
A: fangs 3, regeneration 1, magic shield, antimagic bite, no potion heal 3, rot
immunity
a: Renounce Religion


You were in the Dungeon.
You worshipped Vehumet.
Vehumet was noncommittal.
You were not hungry.

You visited 1 branch You collected 531 gold pieces.
You spent 478 gold pieces at shops.

Inventory:

Hand Weapons
 a - a +1 dagger (weapon)
Armour
 b - a +0 robe (worn)
 l - the +1 pair of gloves of Leaves (worn) {rN+ Slay+3}
   (You bought it in a shop in the Dungeon)

   It affects your accuracy and damage with ranged weapons and melee attacks
   (+3).
   It protects you from negative energy.
Wands
 k - a wand of polymorph (15)
Scrolls
 f - a scroll of remove curse {unknown}
 j - a scroll of blinking
 m - a scroll of identify {unknown}
 o - a scroll of random uselessness {unknown}
Potions
 e - a potion of curing
 g - a potion of haste
 h - a potion of magic
 i - a potion of berserk rage
 n - a potion of might {unknown}
Books
 c - a book of Maledictions

   Spells                             Type                      Level
   a - Corona                         Hexes                        1
   b - Ensorcelled Hibernation        Hexes/Ice                    2
   c - Confuse                        Hexes                        3
   d - Tukima's Dance                 Hexes                        3
   e - Dazzling Spray                 Conjuration/Hexes            3
Comestibles
 d - a ration


   Skills:
 + Level 3.4 Fighting
 - Level 0.8 Short Blades
 - Level 1.5 Dodging
 * Level 16.3 Stealth
 - Level 8.4 Spellcasting
 - Level 8.7 Hexes
 + Level 6.9 Ice Magic


You had 17 spell levels left.
You knew the following spells:

 Your Spells              Type           Power        Failure   Level  Hunger
a - Corona                Hex            #####..      1%          1    None
b - Ensorcelled Hibernat  Hex/Ice        ####..       1%          2    None
c - Confuse               Hex            #####...     1%          3    #......


Dungeon Overview and Level Annotations

Branches:
Dungeon (1/1)

Altars:
Cheibriados
Dithmenos
Elyvilon
Fedhas
Gozag
Hepliaklqana
Kikubaaqudgha
Nemelex Xobeh
Okawaru
Qazlal
Ru
Sif Muna
Trog
Uskayaw
Vehumet
Wu Jian
Yredelemnul
Zin
The Shining One

Shops:
D !([


Innate Abilities, Weirdness & Mutations

You have razor-sharp teeth.
Your natural rate of healing is unusually fast.
When hurt, damage is shared between your health and your magic reserves.
Your bite disrupts and absorbs the magic of your enemies.
Potions cannot restore your health.
You are immune to rotting.


Message History

Confirm with . or Enter, or press ? or * to list all spells.
Aiming: Ensorcelled Hibernation
Press: ? - help, Shift-Dir - straight line, f/p - centaur warrior
Aim: a centaur warrior (purple smoke, chance to defeat MR: 44%)
The centaur warrior resists with some effort.
The centaur warrior hits you. The centaur warrior closely misses you.
The centaur warrior hits you.
* * * LOW HITPOINT WARNING * * *
The centaur warrior hits you!
* * * LOW HITPOINT WARNING * * *
Casting: Ensorcelled Hibernation
Confirm with . or Enter, or press ? or * to list all spells.
You don't have enough magic to cast that spell.
You closely miss the centaur warrior. You bite the centaur warrior.
You drain its power.
You feel invigorated.
The centaur warrior is lightly wounded.
The centaur warrior hits you.
* * * LOW HITPOINT WARNING * * *
The centaur warrior hits you!
You die...

#############
#.)'..#.)'..#
'..#.)'..#..+
#####'#####'# ####
####..#...#)####!§#
#__####..##(#§§≈§c#
#_____##'#_.+§§§@§+
#_.∩...'..._#≈≈§§c#
#_..__##_.#'##§####
#_____###'#)#..§.###
#########.####§###(##
.!.....'...'.....'.∩#
++++####.).##########
##.## #+#


You could see 2 centaur warriors.

Vanquished Creatures
  Sonja (D)
  A deep troll (D)
  Sigmund (D)
  A yak (D)
  An ogre (D)
  A jelly (D)
  Ijyb (D)
7 creatures vanquished.

Vanquished Creatures (others)
  A gargoyle (D)
1 creature vanquished.

Grand Total: 8 creatures vanquished

Notes
Turn   | Place    | Note
-------+----------+-------------------------------------------
     0 | D        | wilfster70 the Vine Stalker Enchanter began the quest for the Orb.
     0 | D        | Reached XP level 1. HP: 9/9 MP: 4/4
     1 | D        | Noticed Ijyb
    11 | D        | Killed Ijyb
    11 | D        | Reached skill level 6 in Stealth
    11 | D        | Reached XP level 2. HP: 9/13 MP: 4/7
   117 | D        | Learned a level 2 spell: Ensorcelled Hibernation
   117 | D        | Noticed an ogre
   122 | D        | Killed an ogre
   122 | D        | Reached skill level 9 in Stealth
   122 | D        | Reached skill level 5 in Spellcasting
   122 | D        | Reached skill level 5 in Hexes
   122 | D        | Reached XP level 3. HP: 16/16 MP: 5/10
   122 | D        | Gained mutation: Your natural rate of healing is unusually fast. [Vine Stalker growth]
   122 | D        | Reached XP level 4. HP: 21/21 MP: 6/12
   127 | D        | Learned a level 3 spell: Confuse
   175 | D        | Noticed Sigmund
   178 | D        | Killed Sigmund
   178 | D        | Reached skill level 11 in Stealth
   178 | D        | Reached XP level 5. HP: 24/24 MP: 13/15
   178 | D        | Reached XP level 6. HP: 28/28 MP: 13/16
   209 | D        | Found a deep blue altar of Sif Muna.
   210 | D        | Found an ornate altar of the Wu Jian Council.
   211 | D        | Found a radiant altar of Vehumet.
   215 | D        | Reached skill level 12 in Stealth
   215 | D        | Reached skill level 1 in Ice Magic
   236 | D        | Noticed Sonja
   243 | D        | Killed Sonja
   243 | D        | Reached skill level 14 in Stealth
   243 | D        | Reached skill level 5 in Ice Magic
   243 | D        | Reached XP level 7. HP: 4/32 MP: 14/19
   243 | D        | Gained mutation: You have razor-sharp teeth. [Vine Stalker growth]
   243 | D        | Reached XP level 8. HP: 5/36 MP: 15/21
   245 | D        | Killed a gargoyle
   282 | D        | Became a worshipper of Vehumet
   283 | D        | Found Mojint's Antique Weapon Emporium.
   283 | D        | Found an ancient bone altar of Kikubaaqudgha.
   283 | D        | Found a stormy altar of Qazlal.
   283 | D        | Found a blossoming altar of Fedhas.
   283 | D        | Found a bloodstained altar of Trog.
   283 | D        | Found an iron altar of Okawaru.
   283 | D        | Found a glowing golden altar of the Shining One.
   283 | D        | Found a glowing silver altar of Zin.
   283 | D        | Found a white marble altar of Elyvilon.
   283 | D        | Noticed a yak
   284 | D        | Found a hazy altar of Hepliaklqana.
   284 | D        | Found a hide-covered altar of Uskayaw.
   284 | D        | Found a basalt altar of Yredelemnul.
   284 | D        | Found an opulent altar of Gozag.
   284 | D        | Found a snail-covered altar of Cheibriados.
   284 | D        | Found a sacrificial altar of Ru.
   284 | D        | Found a shadowy altar of Dithmenos.
   285 | D        | Killed a yak
   285 | D        | Reached skill level 15 in Stealth
   286 | D        | Found a sparkling altar of Nemelex Xobeh.
   302 | D        | Found Vuakuts's Distillery.
   310 | D        | Bought a potion of degeneration for 12 gold pieces
   323 | D        | Noticed a deep troll
   327 | D        | Killed a deep troll
   327 | D        | Reached skill level 16 in Stealth
   337 | D        | Found Hecho's Armour Emporium.
   342 | D        | Bought the +1 pair of gloves of Leaves {rN+ Slay+3} for 466 gold pieces
   363 | D        | Noticed a centaur warrior
   363 | D        | Noticed a centaur warrior
   369 | D        | HP: 2/40 [centaur warrior (1)]
   369 | D        | Mangled by a centaur warrior

Skill      XL: |  1  2  3  4  5  6  7  8 |
---------------+-------------------------+-----
Stealth        | 6 9 11 14 16 | 16.3
Spellcasting   | 3 5 6 8 |  8.4
Hexes          | 4 5 6 8 |  8.7
Ice Magic      | 5 6 |  6.9
Fighting       | 3 |  3.4
Short Blades   | |  0.8
Dodging        | |  1.5

Action                   |  1- 3 |  4- 6 |  7- 9 || total
-------------------------+-------+-------+-------++-------
Melee: Dagger            |    10 |     3 |     3 ||    16
       Bite              |     2 |       |     1 ||     3
 Cast: Ensorcelled Hiber |     1 |     3 |     3 ||     7
  Use: Potion            |       |     1 |       ||     1
 Stab: Sleeping          |     3 |     3 |     2 ||     8
Armor: Robe              |       |     2 |     1 ||     3
Dodge: Dodged            |     5 |     8 |     2 ||    15
